 Dungeon Crawl Stone Soup version 0.24-a0-699-g5a66b1aa3b (webtiles) character file.

Game seed: 3428454993270464571, levelgen mode: deterministic

482 MalarOregon the Gusty (level 6, -2/50 HPs)
             Began as a Draconian Air Elementalist on Sept 29, 2019.
             Killed by divine providence
             ... invoked by an orc priest
              (13 damage)
             ... on level 4 of the Dungeon.
             The game lasted 00:08:54 (5564 turns).

MalarOregon the Gusty (Draconian Air Elementalist)  Turns: 5564, Time: 00:08:55

Health: -2/50      AC:  7    Str: 10    XL:     6   Next: 87%
Magic:  0/11       EV: 13    Int: 18    God:
Gold:   174        SH:  0    Dex: 11    Spells: 7/12 levels left

rFire    . . .     SeeInvis .   f - +0 mace
rCold    . . .     Gourm    .   (no shield)
rNeg     . . .     Faith    .   (armour unavailable)
rPois    +         Spirit   .   (helmet restricted)
rElec    .         Reflect  .   (no cloak)
rCorr    .         Harm     .   b - +0 pair of gloves
MR       .....                  (no boots)
Stlth    ++........             (no amulet)
HPRegen  0.16/turn              q - ring of poison resistance
MPRegen  0.12/turn              (no ring)

@: very slightly contaminated
A: unfitting armour, cold-blooded, AC +6
a: no special abilities


You were on level 4 of the Dungeon.
You were very hungry.

You visited 1 branch of the dungeon, and saw 5 of its levels.

You collected 174 gold pieces.

Inventory:

Hand Weapons
 f - a +0 mace (weapon)
   (You found it on level 1 of the Dungeon)
Missiles
 m - 10 poisoned darts (quivered)
 u - 3 curare-tipped darts {!f}
Armour
 b - a +0 pair of gloves (worn)
   (You found it on level 2 of the Dungeon)
Jewellery
 q - a ring of poison resistance (left hand)
   (You found it on level 4 of the Dungeon)
Wands
 c - a wand of disintegration (10)
   (You found it on level 4 of the Dungeon)
Scrolls
 a - a scroll of blinking {unknown}
 g - a scroll of enchant weapon {unknown}
 i - a scroll of remove curse {unknown}
 k - a scroll of teleportation {unknown}
 o - a scroll of enchant armour {unknown}
 s - a scroll of fog {unknown}
Potions
 d - a potion of agility
 h - 5 potions of curing {@q1}
 j - 2 potions of might
 l - 3 potions of haste {@q3}
 n - a potion of ambrosia {unknown}
 p - 2 potions of heal wounds {unknown}
 t - a potion of cancellation {unknown}
Comestibles
 e - 5 rations {!d}


   Skills:
 + Level 2.4 Fighting
 + Level 2.1 Maces & Flails
 + Level 1.7 Throwing
 + Level 2.9 Dodging
 - Level 1.7 Stealth
 * Level 3.9 Spellcasting
 + Level 2.5 Conjurations
 + Level 3.9 Air Magic


You had 7 spell levels left.
You knew the following spells:

 Your Spells              Type           Power        Failure   Level  Hunger
a - Shock                 Conj/Air       ###.         4%          1    None
b - Airstrike             Air            ###.......   28%         4    ####...

Your spell library contained the following spells:

 Spells                   Type           Power        Failure   Level  Hunger
 Swiftness                Chrm/Air       ##......     10%         2    ##.....
 Static Discharge         Conj/Air       ###.....     12%         3    ###....
 Lightning Bolt           Conj/Air       ###.......   73%         5    ######.


Dungeon Overview and Level Annotations

Branches:
Dungeon (5/15)
 Temple: D:4-7

Altars:
Cheibriados
Gozag
Ru
Yredelemnul
The Shining One


Innate Abilities, Weirdness & Mutations

Your plain brown scales are hard. (AC +6)
You cannot fit into any form of body armour.
You are cold-blooded and may be slowed by cold attacks.


Message History

The zap hits the orc priest.
The orc throws a stone.
The stone barely misses you.
Aim: an orc priest, wearing a +0 chain mail (heavily wounded)
The zap hits the orc priest.
You don't have enough magic to cast that spell.
Throwing (i - inventory. (/) - cycle)
m - 11 poisoned darts (quivered)
Aim: an orc priest, wearing a +0 chain mail (heavily wounded)
You throw a poisoned dart. The poisoned dart hits the orc priest.
You hit the orc priest but do no damage.
The orc priest hits you.
You closely miss the orc priest.
You tail-slap the orc priest, but do no damage.
The orc priest looks encouraged for a moment.
You hit the orc priest but do no damage.
The orc priest mumbles some strange prayers to Beogh against you.
You barely resist.
Aim: an orc priest, wearing a +0 chain mail (heavily wounded)
You miscast Shock.
Nothing appears to happen.
The orc priest hits you but does no damage.
The orc barely misses you.
You hit the orc priest but do no damage.
The orc priest barely misses you.
An orc comes into view.
The orc hits you. The orc priest hits you.
You hit the orc priest but do no damage.
Your tail-slap misses the orc priest.
The orc closely misses you.
The orc priest looks satisfied for a moment.
The orc barely misses you.
You closely miss the orc priest. The orc priest closely misses you.
The orc barely misses you.
The orc priest hits you but does no damage.
The orc barely misses you.
You climb upwards.
There is a stone staircase leading down here.
You hit the orc priest.
The orc priest calls down the wrath of Beogh upon you.
Beogh smites you!
* * * LOW HITPOINT WARNING * * *
The orc misses you.
Aim: an orc priest, wearing a +0 chain mail (severely wounded)
The zap misses the orc priest.
The orc priest closely misses you. The orc completely misses you.
You hit the orc priest.
The orc priest mumbles some strange prayers to Beogh against you.
Beogh smites you!
* * * LOW HITPOINT WARNING * * *
The orc hits you but does no damage.
The orc priest calls down the wrath of Beogh upon you.
Beogh smites you!
You die...

...#..#####.####.###
##.#......<.#......#
......#######.##.#.#
##...........<##.#.#
###.########.##.#.#
#.#......#.##.#.#####
#.#.####.#.##.#.....#
####.#.#....#.##o#####.####
..##.#.#....#.##@#...>....#
..##.#.####.#.##o#.###.#.##
...#.#....)....#.#.....#.#
...#.#########.#.#######.##
...#......................#
...#############.##########
.................#
##.###############
...#......#


You could see an orc priest and an orc.

Vanquished Creatures
  An ogre (D:4)
  Blork the orc (D:4)
  An orc wizard (D:5)
  An iguana (D:4)
  Terence (D:2)
  11 gnolls
  5 adders
  A worm (D:2)
  4 dart slugs (D:1)
  4 leopard geckos
  9 orcs
  7 giant cockroaches
  5 hobgoblins
  6 jackals (D:3)
  A quokka (D:4)
  7 bats
  3 frilled lizards
  6 goblins
  6 kobolds
  3 leopard gecko skeletons (D:4)
  6 rats
89 creatures vanquished.

Notes
Turn   | Place    | Note
-------+----------+-------------------------------------------
     0 | D:1      | MalarOregon the Draconian Air Elementalist began the quest
                  | for the Orb.
     0 | D:1      | Reached XP level 1. HP: 14/14 MP: 3/3
   382 | D:1      | Reached XP level 2. HP: 22/22 MP: 1/5
  1357 | D:2      | Reached XP level 3. HP: 19/27 MP: 1/6
  1597 | D:2      | Reached skill level 1 in Fighting
  2118 | D:2      | Noticed Terence
  2135 | D:2      | Killed Terence
  2135 | D:2      | Reached XP level 4. HP: 35/35 MP: 6/8
  2642 | D:3      | Reached skill level 1 in Maces & Flails
  2858 | D:3      | Found a faded altar of an unknown god.
  3052 | D:3      | Learned a level 4 spell: Airstrike
  3084 | D:3      | Reached XP level 5. HP: 41/41 MP: 6/9
  3428 | D:3      | Reached skill level 1 in Throwing
  3832 | D:4      | Noticed Blork the orc
  3846 | D:4      | Killed Blork the orc
  3846 | D:4      | Reached XP level 6. HP: 20/48 MP: 4/11
  4185 | D:4      | Found a sacrificial altar of Ru.
  4185 | D:4      | Found a glowing golden altar of the Shining One.
  4278 | D:4      | Found a snail-covered altar of Cheibriados.
  4280 | D:4      | Found an opulent altar of Gozag.
  4282 | D:4      | Found a basalt altar of Yredelemnul.
  5390 | D:5      | Entered Level 5 of the Dungeon
  5564 | D:4      | Killed from afar by an orc priest

Levels and vault maps discovered:
D:1:      dpeg_arrival_arbitrary_a, layout_loops_ring
D:2:      layout_rooms, uniq_terence
D:3:      layout_basic, first_ration, chequers_ecumenical_altar_twisty
D:4:      kennysheep_six_static_rooms, layout_basic,
          chequers_temple_overflow_minitemple, lemuel_another_geyser,
          uniq_blork_the_orc
D:5:      layout_basic, chequers_decorated_corner

Skill      XL: |  1  2  3  4  5  6 |
---------------+-------------------+-----
Dodging        | 2 |  2.9
Fighting       | 1 2 |  2.4
Maces & Flails | 1 2 |  2.1
Spellcasting   | 3 |  3.9
Throwing       | 1 |  1.7
Conjurations   | 2 |  2.5
Stealth        | |  1.7
Air Magic      | |  3.9

Action                   |  1- 3 |  4- 6 || total
-------------------------+-------+-------++-------
Melee: Unarmed           |     5 |       ||     5
       Tailslap          |     4 |     2 ||     6
       Mace              |    13 |    25 ||    38
Throw: Dart              |    26 |    17 ||    43
 Cast: Shock             |    72 |   136 ||   208
  Use: Scroll            |       |     4 ||     4
 Stab: Sleeping          |       |     1 ||     1
  Eat: Chunk             |     5 |     9 ||    14
Armor: Skin              |    16 |    14 ||    30
Dodge: Dodged            |    38 |    44 ||    82

Table legend:
 A = Non-vault XP
 B = Vault XP
 C = Vault XP percentage of total XP
 D = Non-vault monster count
 E = Vault monster count
 F = Vault count percentage of total count
                 A         B        C        D         E       F
            +---------+---------+-------+---------+---------+-------
      Total |     541 |     148 |  21.5 |      84 |       5 |   5.6
            +---------+---------+-------+---------+---------+-------
        D:1 |      38 |       0 |   0.0 |      19 |       0 |   0.0
        D:2 |      36 |      32 |  47.1 |      14 |       1 |   6.7
        D:3 |     121 |       0 |   0.0 |      26 |       0 |   0.0
        D:4 |     294 |     116 |  28.3 |      20 |       4 |  16.7
        D:5 |      52 |       0 |   0.0 |       5 |       0 |   0.0
            +---------+---------+-------+---------+---------+-------
